 Dungeon Crawl Stone Soup version 0.30.1-4-g462c640d31 (webtiles) character file.

Game seed: 18200787405039148635

231 monsoonserge the Chopper (level 6, 0/53 HPs)
             Began as a Hill Orc Fighter on Sept 3, 2023.
             Slain by a gnoll
             ... wielding a +0 club
              (4 damage)
             ... on level 4 of the Dungeon.
             The game lasted 00:05:46 (2933 turns).

monsoonserge the Chopper (Hill Orc Fighter)         Turns: 2933, Time: 00:05:47

Health: 0/53       AC:  7    Str: 21    XL:     6   Next: 4%
Magic:  6/6        EV:  2    Int:  8    God:
Gold:   170        SH:  0    Dex: -2 (10) Spells: 5/5 levels left

rFire   . . .        a - +0 war axe
rCold   . . .        c - +0 buckler
rNeg    . . .        b - +0 scale mail
rPois   .            (no helmet)
rElec   .            (no cloak)
rCorr   .            (no gloves)
SInv    .            (no boots)
Will    .....        (no amulet) Stlth
                     (no ring)
HPRegen 0.28/turn    (no ring)
MPRegen 0.10/turn

%: no passive effects
@: held, slowed, lost dexterity, very slow
A: no striking features
a: no special abilities


You were on level 4 of the Dungeon.
You visited 1 branch of the dungeon, and saw 4 of its levels.

You collected 170 gold pieces.

Inventory:

Hand Weapons
 a - a +0 war axe (weapon)
Missiles
 e - 5 poisoned darts (quivered)
Armour
 b - a +0 scale mail (worn)
 c - a +0 buckler (worn)
Jewellery
 r - a ring of fire
Scrolls
 f - a scroll of enchant armour {unknown}
 g - a scroll of poison {unknown}
 h - a scroll of fog {unknown}
 j - 2 scrolls of blinking {unknown}
 k - 3 scrolls of identify {unknown}
 m - a scroll of amnesia {unknown}
 s - a scroll of torment {unknown}
 t - 3 scrolls of teleportation {unknown}
Potions
 i - a potion of brilliance {unknown}
 l - 2 potions of degeneration {unknown}
 n - 2 potions of curing {unknown}
 o - a potion of cancellation {unknown}
 p - a potion of magic {unknown}
 q - a potion of haste {unknown}


   Skills:
 + Level 4.7 Fighting
 + Level 5.2 Axes
 + Level 4.4 Armour
 - Level 1.0 Dodging
 + Level 0.2 Stealth
 - Level 4.0 Shields


You had 5 spell levels left.
You didn't know any spells.
Your spell library was empty.

Dungeon Overview and Level Annotations

Branches:
Dungeon (4/15)
 Temple: D:4-7

Altars:

Annotations:
D:3 mkat's ghost, amateur DgEE


Message History

You start resting.
HP restored.
You climb downwards.
The gnoll hits you but does no damage. The gnoll hits you with a +0 club.
The ball python bites you but does no damage.
The ball python grabs you. The ball python constricts you.
The gnoll hits you but does no damage. x2
There is a stone staircase leading up, spattered with blood here.
Unknown command.
You escape the ball python's grasp.
The ball python bites you but does no damage.
The ball python grabs you.
You stop ascending the stairs.
The ball python constricts you. The gnoll hits you but does no damage.
The gnoll hits you with a +0 whip.
The ball python bites you but does no damage.
The ball python constricts you.
You closely miss the ball python. You slash the gnoll! You hit the gnoll.
The gnoll hits you but does no damage. x2; The ball python bites you.
The ball python constricts you.
A dart slug comes into view.
The gnoll hits you with a +0 whip!
The ball python bites you but does no damage.
The ball python constricts you.
You hit the ball python.
You kill the ball python!
You closely miss the gnoll. You barely miss the gnoll.
The gnoll hits you with a +0 club.
The gnoll throws a throwing net.
The throwing net hits you.
You become entangled in the net!
The gnoll hits you with a +0 whip. The gnoll hits you but does no damage.
The gnoll hits you with a +0 club.
You struggle against the net.
The gnoll hits you with a +0 club. The gnoll hits you with a +0 flail!
* * * LOW HITPOINT WARNING * * *
The gnoll hits you with a +0 whip.
* * * LOW HITPOINT WARNING * * *
The gnoll hits you with a +0 flail.
* * * LOW HITPOINT WARNING * * *
The gnoll hits you but does no damage. x2
You struggle against the net.
The gnoll hits you with a +0 club.
You die...

#.....# #......
#.#. #......
.:.. ...w...
.... .......##
#..... ..≈ #.
........##..##..
.≈ #.
......g........#
≈.#.
......g@........
.#.
##....>.g.#.#..
#.≈##........)#
#.≈....#......#
#.≈...###.....#
#.≈<...##......
#.≈##.###.......
#.≈ ...........
...≈ .#.#......


You could see 3 gnolls and a dart slug.

Vanquished Creatures
  A howler monkey (D:3)
  2 quasits (D:3)
  Terence (D:3)
  Robin (D:3)
  A gnoll (D:3)
  An adder (D:2)
  2 worms (D:2)
  5 bats
  7 endoplasms
  3 giant cockroaches
  9 goblins
  10 hobgoblins
  4 jackals (D:1)
  2 quokkas (D:2)
  6 ball pythons
  3 frilled lizards
  5 kobolds
  A rat (D:1)
64 creatures vanquished.

Notes
Turn   | Place    | Note
-------+----------+-------------------------------------------
     0 | D:1      | monsoonserge the Hill Orc Fighter began the quest for the
                  | Orb.
     0 | D:1      | Reached XP level 1. HP: 19/19 MP: 1/1
    39 | D:1      | Reached skill level 3 in Axes
    39 | D:1      | Reached XP level 2. HP: 25/27 MP: 2/2
   353 | D:1      | Reached XP level 3. HP: 31/33 MP: 3/3
  1304 | D:2      | Reached skill level 4 in Axes
  1648 | D:3      | Noticed Robin
  1656 | D:2      | Reached XP level 4. HP: 34/40 MP: 4/4
  1738 | D:3      | Killed Robin
  1876 | D:3      | Noticed mkat's ghost (amateur DgEE)
  1882 | D:3      | Found a transporter.
  1905 | D:3      | Found a transporter.
  1966 | D:3      | Noticed Terence
  1983 | D:3      | Killed Terence
  2285 | D:3      | Reached XP level 5. HP: 31/47 MP: 5/5
  2736 | D:3      | Reached skill level 1 in Dodging
  2760 | D:3      | Lost dexterity.
  2767 | D:3      | Reached skill level 5 in Axes
  2905 | D:3      | Reached XP level 6. HP: 43/53 MP: 6/6
  2933 | D:4      | Slain by a gnoll

Illustrated notes

Levels and vault maps discovered:
D:1:      spicycebolla_arrival_ecumenical, layout_loops_ring,
          minmay_crystal_room, minmay_box_of_dots
D:2:      layout_basic
D:3:      layout_basic, gammafunk_ghost_stat_death, uniq_terence, uniq_robin
D:4:      layout_cave_pools, nicolae_overflow_squiral, uniq_pikel, uniq_natasha

Skill      XL: |  1  2  3  4  5 |
---------------+----------------+-----
Axes           | 3 4 5 |  5.2
Fighting       | 4 |  4.7
Armour         | 4 |  4.4
Dodging        | 1 |  1.0
Shields        | 4 |  4.0
Stealth        | |  0.2

Action                     |  1- 3 |  4- 6 || total
---------------------------+-------+-------++-------
  Melee: War axe           |   101 |   108 ||   209
    Use: Potion            |       |     1 ||     1
 Armour: Scale mail        |    56 |   161 ||   217
  Dodge: Dodged            |    53 |   122 ||   175
  Block: Buckler           |    22 |    39 ||    61
